 Dungeon Crawl Stone Soup version 0.17-a0-377-gdd46233 (webtiles) character file.

11 Ryushun the Grave Robber (level 2, -1/19 HPs)
             Began as a Formicid Necromancer on Apr 1, 2015.
             Slain by a hobgoblin (2 damage)
             ... on level 1 of the Dungeon.
             The game lasted 00:02:57 (618 turns).

Ryushun the Grave Robber (Formicid Necromancer)      Turns: 618, Time: 00:02:57

Health: -1/19      AC:  3    Str: 12    XL:     2   Next: 35%
Magic:  4/4        EV: 11    Int: 14    God:
Gold:   46         SH:  0    Dex: 11    Spells: 2 memorised, 3 levels left

rFire  . . .     SeeInvis +     d - +0 short sword
rCold  . . .     Clarity  .     h - +0 leather armour
rNeg   . . .     SustAb   .     (no shield)
rPois  .         Gourm    .     (helmet unavailable)
rElec  .         Spirit   .     (no cloak)
rCorr  .         Warding  .     (no gloves)
rMut   .         Stasis   +     (no boots)
MR     .....                    (no amulet)
Stlth  ++........               (no ring)
                                (no ring)

@: not resistant to hostile enchantments, unstealthy
A: permanent stasis, dig shafts and tunnels, four strong arms, antennae 3
a: Dig, Shaft Self


You were on level 1 of the Dungeon.
You were not hungry.

You visited 1 branch of the dungeon, and saw 1 of its levels.

You collected 46 gold pieces.

Inventory:

Hand weapons
 d - a +0 short sword (weapon)
 e - a +0 club
 i - a +0 whip
Missiles
 g - 41 stones (quivered)
Armour
 a - a +0 robe
 h - a +0 leather armour (worn)
Scrolls
 l - a scroll of teleportation
 m - a scroll of enchant weapon {unknown}
 n - a scroll of identify
Potions
 k - a potion of mutation {unknown}
Books
 b - a book of Necromancy

   Spells                             Type                      Level
   a - Pain                           Necromancy                   1
   b - Animate Skeleton               Necromancy                   1
   c - Vampiric Draining              Necromancy                   3
   d - Regeneration                   Charms/Necromancy            3
   e - Animate Dead                   Necromancy                   4
   f - Control Undead                 Necromancy                   4
Comestibles
 c - a bread ration
 f - a chunk of flesh
 j - a meat ration


   Skills:
 + Level 2.0 Dodging
 + Level 2.6 Stealth
 + Level 2.3 Spellcasting
 + Level 4.2 Necromancy


You had 3 spell levels left.
You knew the following spells:

 Your Spells              Type           Power        Failure   Level  Hunger
a - Pain                  Necr           ##..         8%          1    #......
b - Animate Skeleton      Necr           N/A          8%          1    #......


Dungeon Overview and Level Annotations

Branches:
Dungeon (1/15)

Altars:


Innate Abilities, Weirdness & Mutations

You are under a permanent stasis effect.
You can dig through walls and to a lower floor.
Your four strong arms can wield two-handed weapons with a shield.
You have a pair of large antennae on your head (SInv).


Message History

The jackal is heavily wounded.
The jackal closely misses you. The jackal bites you.
You hit the jackal.
You kill the jackal!
You hit the hobgoblin.
The hobgoblin is heavily wounded.
The hobgoblin hits you.
* * * LOW HITPOINT WARNING * * *
Casting: Animate Skeleton
Confirm with . or Enter, or press ? or * to list all spells.
There is nothing here that can be animated!
The hobgoblin closely misses you.
You barely miss the hobgoblin.
The hobgoblin is heavily wounded.
The hobgoblin hits you.
* * * LOW HITPOINT WARNING * * *
You hit the hobgoblin.
The hobgoblin is almost dead.
The hobgoblin hits you.
You die...

##...## #.#.# #.#
##.....## #.#.# #.#
##.......## #.#.###.#
####...)%....###....##.##
....'...†.....'...........
####.........###.......##
##.......## ###..####
##...g.## ##.# ##.@!## #.#
##'## #.# #.# #.# #.# #.#
##.## #.# # ###
###...#########.#####


...#PPPPPP.PPPPPPPPPPPPP #.#PPPP.....PPPPP.....P #..PPP.PPPPP.PPP.PPPPP. You
could see a hobgoblin.

Vanquished Creatures
  3 giant cockroaches (D:1)
  2 goblins (D:1)
  A jackal (D:1)
  2 kobolds (D:1)
8 creatures vanquished.

Vanquished Creatures (collateral kills)
  A goblin (D:1)
  2 jackals (D:1)
3 creatures vanquished.

Vanquished Creatures (others)
  A goblin skeleton (D:1)
  A kobold skeleton (D:1)
2 creatures vanquished.

Grand Total: 13 creatures vanquished

Notes
Turn   | Place    | Note
--------------------------------------------------------------
     0 | D:1      | Ryushun, the Formicid Necromancer, began the quest for the Orb.
     0 | D:1      | Reached XP level 1. HP: 13/13 MP: 3/3
   117 | D:1      | Learned a level 1 spell: Animate Skeleton
   562 | D:1      | Reached XP level 2. HP: 14/19 MP: 4/4
   618 | D:1      | Slain by a hobgoblin

Action                   || total
-------------------------++-------
Melee: Short sword       ||    34
       Unarmed           ||    11
 Cast: Pain              ||     2
       Animate Skeleton  ||     2
  Use: Scroll            ||     1
 Stab: Sleeping          ||     1
